Match 32380617
Unlisted

Match 32380617
End
Construct Infanterie Kompanie
Selects Luftwaffe Battlegroup
Selects Luftwaffe Pioneer Support
Fallschirmpioneer Squad Paradrop
Grenadier Squad
Grenadier Squad
Fallschirmpioneer Squad Paradrop
Infanterie Officer Quarters
Medical Station
GrW 34 Mortar Team
Grenadier Squad
Death-Bringer
YOU CAN'T DRIVE MY SNOWMOBILE
Bruistablet
Professor gibberish
0
0

Comments sign in to comment!

No comments posted yet!